 Dungeon Crawl Stone Soup version 0.21.1-1-g345015f (webtiles) character file.

1927 Monsterracer the Destroyer (level 8, -7/62 (63) HPs)
             Began as a Purple Draconian Wizard on Mar 13, 2018.
             Was a Believer of Nemelex Xobeh.
             Engulfed by a cloud of flame (22 damage)
             ... on level 8 of the Dungeon on Mar 14, 2018.
             The game lasted 00:15:35 (7613 turns).

Monsterracer the Destroyer (DrWz)                   Turns: 7613, Time: 00:15:35

HP:   -7/62 (63)    AC: 10    Str: 10    XL:     8   Next: 96%
MP:   4/16          EV: 14    Int: 20    God:    Nemelex Xobeh [**....]
Gold: 331           SH:  0    Dex: 16    Spells: 9/18 levels left

rFire    . . .     SeeInvis .   b - +0 flail (protect)
rCold    . . .     Gourm    .   (no shield)
rNeg     . . .     Faith    .   (armour unavailable)
rPois    .         Spirit   .   p - +1 hat
rElec    .         Reflect  .   d - +0 cloak
rCorr    .         Harm     .   (no gloves)
MR       +....                  k - +1 pair of boots
Stlth    ++........             (no amulet)
HPRegen  0.20/turn              o - ring of wizardry
MPRegen  0.15/turn              v - +6 ring of dexterity {=R}

@: very slightly contaminated
A: breathe power, unfitting armour, cold-blooded, AC +6
a: Breathe Dispelling Energy, Renounce Religion


You were on level 8 of the Dungeon.
You worshipped Nemelex Xobeh.
Nemelex Xobeh was pleased with you.
You were not hungry.

You visited 1 branch of the dungeon, and saw 7 of its levels.

You collected 331 gold pieces.

Inventory:

Hand Weapons
 b - a +0 flail of protection (weapon)
Missiles
 t - 2 throwing nets (quivered)
Armour
 d - a +0 cloak (worn)
 k - a +1 pair of boots (worn)
 p - a +1 hat (worn)
Jewellery
 o - a ring of wizardry (left hand)
 s - an uncursed ring of ice
 v - a +6 ring of dexterity (right hand) {=R}
 y - an uncursed ring of see invisible {unknown}
Wands
 x - a wand of iceblast (10)
Scrolls
 e - a scroll of teleportation
 h - 4 scrolls of remove curse
 q - 2 scrolls of amnesia
 u - a scroll of enchant weapon
Potions
 f - a potion of brilliance
 g - 2 potions of curing
 j - a potion of haste
 l - 3 potions of heal wounds
 m - 2 potions of invisibility
 r - 2 potions of agility
 w - a potion of cancellation
Miscellaneous
 a - a plain deck of destruction
 i - an ornate deck of summoning
 n - a plain deck of summoning
Comestibles
 c - 16 rations


   Skills:
 + Level 3.4 Fighting
 * Level 2.7 Maces & Flails
 + Level 3.5 Dodging
 - Level 1.7 Stealth
 + Level 5.9 Spellcasting
 * Level 8.1 Conjurations
   Level 1.0 Summonings
 - Level 1.0 Translocations
 + Level 4.5 Invocations


You had 9 spell levels left.
You knew the following spells:

 Your Spells              Type           Power        Failure   Level  Hunger
a - Magic Dart            Conj           ####         1%          1    None
b - Conjure Flame         Conj/Fire      ###.....     2%          3    ##.....
c - Mephitic Cloud        Conj/Pois/Air  ###.....     4%          3    ##.....
e - Blink                 Tloc           N/A          4%          2    None


Dungeon Overview and Level Annotations

Branches:
Dungeon (6/15)             Temple (0/1) D:4

Altars:
Fedhas
Nemelex Xobeh

Annotations:
D:8 Curus's ghost, novice DsGl


Innate Abilities, Weirdness & Mutations

You can breathe bolts of dispelling energy.
Your rich purple scales are hard. (AC +6)
You cannot fit into any form of body armour.
You are cold-blooded and may be slowed by cold attacks.


Message History

No target in view!
No target in view!
h - 4 scrolls of remove curse (gained 1)
Found a stone staircase leading down.
Found a stone staircase leading up.
x - a wand of iceblast (10)
You now have 331 gold pieces (gained 21).
y - a large tourmaline ring Curus's ghost (novice Demonspawn Gladiator) comes into view.
Curus's ghost turns its malevolent gaze towards you.
Curus's ghost says, "I died to destroy people like you for fun."
Found 26 stones.
Casting: Magic Dart
Confirm with . or Enter, or press ? or * to list all spells.
Aiming: Conjure Flame
Press: ? - help, Dir - move target cursor The fire ignites!
You hear an angry hiss.
An adder comes into view.
You now have 13/16 mp.
Casting: Conjure Flame
Confirm with . or Enter, or press ? or * to list all spells.
Aiming: Magic Dart
Press: ? - help, Shift-Dir - straight line, f - adder
Aim: an adder The magic dart hits the adder.
The adder is lightly wounded.
The adder bites you but does no damage.
You now have 12/16 mp.
Casting: Magic Dart
Confirm with . or Enter, or press ? or * to list all spells.
Aiming: Magic Dart
Press: ? - help, Shift-Dir - straight line, f/p - adder
Aim: an adder (lightly wounded)
The magic dart hits the adder.
The adder is severely wounded.
The adder closely misses you. x2
Curus's ghost is engulfed in blazing flames.
Curus's ghost hits you!
You take 16 damage, and have 46/62 hp.
MASSIVE DAMAGE!!
You now have 11/16 mp.
Casting: Magic Dart
Confirm with . or Enter, or press ? or * to list all spells.
Aiming: Magic Dart
Press: ? - help, Shift-Dir - straight line, f/p - adder
Aim: an adder (severely wounded)
The magic dart hits the adder.
The adder is almost dead.
The adder closely misses you.
Curus's ghost is engulfed in blazing flames.
Curus's ghost hits you!
You take 13 damage, and have 33/62 hp.
MASSIVE DAMAGE!!
You now have 10/16 mp.
Casting: Magic Dart
Confirm with . or Enter, or press ? or * to list all spells.
Aiming: Magic Dart
Press: ? - help, Shift-Dir - straight line, f/p - adder
Aim: an adder (almost dead)
The magic dart hits the adder.
The adder is almost dead.
The adder barely misses you.
Curus's ghost is engulfed in blazing flames.
Curus's ghost hits you!
* * * LOW HITPOINT WARNING * * *
You take 13 damage, and have 20/62 hp.
MASSIVE DAMAGE!!
You now have 9/16 mp.
Unknown command.
You hit Curus's ghost but do no damage.
Your weapon exudes an aura of protection.
Your tail-slap misses Curus's ghost.
Curus's ghost is lightly damaged.
The adder bites you but does no damage. Curus's ghost hits you.
* * * LOW HITPOINT WARNING * * *
The adder bites you but does no damage.
You take 6 damage, and have 14/62 hp.
Unknown command.
You miss the adder.
Your tail-slap misses the adder.
The adder is almost dead.
The adder misses you.
Curus's ghost is engulfed in blazing flames.
Curus's ghost hits you but does no damage.
Press: ? - help, v - describe, . - travel The floor, spattered with blood.
Placed new exclusion.
Reduced exclusion size to a single square.
Removed exclusion.
Casting: Magic Dart
Confirm with . or Enter, or press ? or * to list all spells.
You blink.
Curus's ghost is engulfed in blazing flames.
Curus's ghost says, "I excel at staving off weak adventurers."
You now have 8/16 mp.
Casting: Blink
Confirm with . or Enter, or press ? or * to list all spells.
You miscast Blink.
You are very lightly contaminated with residual magic.
Nothing appears to happen.
Curus's ghost barely misses you.
You now have 6/16 mp.
Casting: Blink
Confirm with . or Enter, or press ? or * to list all spells.
You blink.
You are engulfed in blazing flames.
You die...
Your body disappears without a glow.

#.###...........
#..........####.
#..........#
#..........#
#..........#
.............# ####
.........<....# ....
............#.####..####
.........#..§W.@S.......
.....########.#####.#.##
.... ###.....>.. (#
#..........
#######.######..#
...........# ##
#######.##.###.
...............
####.##.##.#.#.


You could see Curus's ghost and an adder.

Vanquished Creatures
  A hungry ghost (D:5)
  A water moccasin (D:5)
  An ice beast (D:5)
  A necrophage (D:5)
  2 phantoms (D:5)
  2 ogres
  A centaur (D:5)
  A bullfrog (D:5)
  A scorpion (D:5)
  2 howler monkeys
  2 crimson imps
  A centaur skeleton (D:6)
  2 hounds
  5 orc priests
  5 orc wizards
  Jessica (D:2)
  2 iguanas
  Natasha (thrice) (D:2)
  4 worker ants
  Robin (D:2)
  4 gnolls (D:3)
  5 adders
  An adder skeleton (D:8)
  8 worms
  A dart slug (D:2)
  4 leopard geckos
  16 orcs
  9 bats
  7 giant cockroaches
  15 goblins
  8 hobgoblins
  4 jackals
  A quokka (D:3)
  A ball python (D:2)
  15 frilled lizards
  4 kobolds
  A leopard gecko skeleton (D:5)
  A quokka zombie (D:5)
  9 rats
153 creatures vanquished.

Notes
Turn   | Place    | Note
-------+----------+-------------------------------------------
     0 | D:1      | Monsterracer the Draconian Wizard began the quest for the Orb.
     0 | D:1      | Reached XP level 1. HP: 14/14 MP: 4/4
   202 | D:1      | Found a sparkling altar of Nemelex Xobeh.
   210 | D:1      | Became a worshipper of Nemelex Xobeh the Trickster
   223 | D:1      | Reached skill level 2 in Conjurations
   283 | D:1      | Reached XP level 2. HP: 20/20 MP: 1/6
   335 | D:1      | Received a gift from Nemelex Xobeh
  1041 | D:1      | Learned a level 2 spell: Blink
  1105 | D:2      | Reached skill level 3 in Conjurations
  1105 | D:2      | Reached XP level 3. HP: 20/26 MP: 0/7
  1110 | D:2      | Learned a level 3 spell: Conjure Flame
  1677 | D:2      | Noticed Jessica
  1681 | D:2      | Killed Jessica
  1681 | D:2      | Reached skill level 4 in Conjurations
  1681 | D:2      | Reached XP level 4. HP: 33/33 MP: 3/8
  1733 | D:2      | Learned a level 3 spell: Mephitic Cloud
  1737 | D:2      | Noticed Natasha
  1747 | D:2      | Killed Natasha
  1988 | D:2      | Noticed Natasha
  1995 | D:2      | Killed Natasha
  1997 | D:2      | Reached XP level 5. HP: 30/38 MP: 0/9
  2182 | D:2      | Reached skill level 5 in Conjurations
  2336 | D:2      | Noticed Robin
  2356 | D:2      | Killed Robin
  2477 | D:2      | Noticed Natasha
  2480 | D:2      | Killed Natasha
  2535 | D:2      | Found a blossoming altar of Fedhas.
  2860 | D:3      | Reached skill level 1 in Invocations
  3082 | D:3      | Reached XP level 6. HP: 45/45 MP: 3/11
  3814 | D:3      | Reached * piety under Nemelex Xobeh
  3935 | D:3      | Received a gift from Nemelex Xobeh
  3973 | D:4      | HP: 18/45 [orc priest/divine providence (11)]
  3978 | D:4      | HP: 11/45 [orc priest/divine providence (7)]
  4284 | D:3      | Reached skill level 6 in Conjurations
  4378 | D:4      | HP: 22/45 [ogre/giant spiked club (23)]
  4681 | D:4      | Your scales start taking on a rich purple colour.
  4681 | D:4      | Reached XP level 7. HP: 50/50 MP: 3/13
  5077 | D:4      | Found a staircase to the Ecumenical Temple.
  5181 | D:5      | Entered Level 5 of the Dungeon
  5283 | D:5      | Reached skill level 1 in Fighting
  5414 | D:5      | Reached skill level 5 in Spellcasting
  5443 | D:5      | Reached skill level 7 in Conjurations
  5596 | D:5      | Noticed a hungry ghost
  5611 | D:5      | Killed a hungry ghost
  5611 | D:5      | Reached XP level 8. HP: 60/60 MP: 4/15
  5875 | D:5      | HP: 29/61 [phantom (7)]
  5880 | D:5      | HP: 23/61 [phantom (7)]
  5888 | D:5      | HP: 13/61 [phantom (1)]
  5918 | D:5      | Reached skill level 1 in Maces & Flails
  6563 | D:6      | HP: 31/62 [orc/falchion (6)]
  6822 | D:6      | HP: 28/62 [orc wizard/puff of flame (12)]
  6829 | D:6      | HP: 27/62 [orc wizard/magic dart (2)]
  7060 | D:6      | Reached skill level 8 in Conjurations
  7259 | D:6      | Received a gift from Nemelex Xobeh
  7529 | D:6      | Reached ** piety under Nemelex Xobeh
  7556 | D:6      | You fall through a shaft for 2 floors!
  7593 | D:8      | Noticed Curus's ghost (novice DsGl)
  7607 | D:8      | HP: 20/62 [Curus's ghost (14)]
  7613 | D:8      | Engulfed by a cloud of flame

Skill      XL: |  1  2  3  4  5  6  7  8 |
---------------+-------------------------+-----
Conjurations   | 2 3 4 5 6 7 8 |  8.1
Invocations    | 1 2 3 4 |  4.5
Spellcasting   | 4 5 |  5.9
Fighting       | 2 3 |  3.4
Dodging        | 2 3 |  3.5
Maces & Flails | 2 |  2.7
Stealth        | |  1.7
Summonings     | |  1.0
Translocations | |  1.0

Action                   |  1- 3 |  4- 6 |  7- 9 || total
-------------------------+-------+-------+-------++-------
Melee: Dagger            |    15 |       |       ||    15
       Tailslap          |     1 |     7 |    11 ||    19
       Rapier            |       |    41 |     6 ||    47
       Trident           |       |       |     6 ||     6
       Flail             |       |       |    65 ||    65
 Cast: Magic Dart        |    72 |   169 |   194 ||   435
       Mephitic Cloud    |       |     4 |     1 ||     5
       Blink             |       |     2 |     4 ||     6
       Conjure Flame     |       |       |     3 ||     3
 Abil: Breathe Dispellin |       |       |     5 ||     5
  Use: Scroll            |     8 |     2 |     6 ||    16
  Eat: Chunk             |     2 |    10 |    10 ||    22
Armor: Skin              |    10 |    22 |    49 ||    81
Dodge: Dodged            |    18 |    62 |   110 ||   190

Vault maps used:
D:1:      dpeg_arrival_another_circle, nemelex_xobeh_ov_fountains_minmay
D:2:      lemuel_coloured_pillars_altar, first_ration, minmay_misc_feat_room,
          uniq_robin, uniq_natasha, uniq_jessica
D:3:      minmay_lizard_king
D:4:      minmay_temple_entry_enclosed_plants, serial_bayou_pond_d
D:8:      minitemple, cheibriados_altar_1, uniq_grum
